 Dungeon Crawl Stone Soup version 0.27-a0-1302-g7736ffe575 (webtiles) character file.

Game seed: 759587849935142846

142 Kinoniko the Chopper (level 5, -1/41 HPs)
             Began as a Formicid Fighter on June 18, 2021.
             Succumbed to an adder's poison
             ... on level 3 of the Dungeon.
             The game lasted 00:02:28 (2841 turns).

Kinoniko the Chopper (Formicid Fighter)             Turns: 2841, Time: 00:02:29

Health: -1/41      AC: 11    Str: 21    XL:     5   Next: 50%
Magic:  5/5        EV:  6    Int:  8    God:
Gold:   106        SH:  9    Dex: 10    Spells: 4/4 levels left

rFire    . . .     SeeInvis +   a - +0 war axe
rCold    . . .     Faith    .   c - +0 kite shield
rNeg     . . .     Spirit   .   p - +0 chain mail
rPois    .         Reflect  .   (helmet unavailable)
rElec    .         Harm     .   (no cloak)
rCorr    .         Rampage  .   n - +0 pair of gloves
Will     .....                  m - +0 pair of boots
Stlth    ..........             (no amulet)
HPRegen  0.13/turn              (no ring)
MPRegen  0.09/turn              (no ring)

@: lethally poisoned (-1 -> -8), flying
A: permanent stasis, dig shafts and tunnels, antennae 3, four strong arms
a: Dig, Shaft Self


You were on level 3 of the Dungeon.
You visited 1 branch of the dungeon, and saw 3 of its levels.

You collected 106 gold pieces.

Inventory:

Hand Weapons
 a - a +0 war axe (weapon)
Armour
 b - a +0 scale mail
 c - a +0 kite shield (worn)
 j - a +0 plate armour
 m - a +0 pair of boots (worn)
 n - a +0 pair of gloves (worn)
 p - a +0 chain mail (worn)
Scrolls
 g - 2 scrolls of identify {unknown}
 h - 2 scrolls of immolation {unknown}
 i - a scroll of teleportation {unknown}
 l - a scroll of vulnerability {unknown}
 o - 2 scrolls of amnesia {unknown}
Potions
 d - a potion of might
 f - a potion of curing {unknown}
 k - a potion of berserk rage {unknown}


   Skills:
 - Level 3.2 Fighting
 * Level 5.3 Axes
 - Level 3.2 Armour
 - Level 3.6 Shields


You had 4 spell levels left.
You didn't know any spells.
Your spell library contained the following spells:

 Spells                   Type           Power      Damage    Failure   Level
 Animate Skeleton         Necr           0%         N/A       100%        1
 Pain                     Necr           0%         1d4       100%        1
 Vampiric Draining        Necr           0%         2d6       100%        3
 Animate Dead             Necr           0%         N/A       100%        4
 Agony                    Necr           0%         N/A       100%        5


Dungeon Overview and Level Annotations

Branches:
Dungeon (3/15)

Altars:


Innate Abilities, Weirdness & Mutations

You cannot be hasted, slowed, berserked, paralysed or teleported.
You can dig through walls and to a lower floor.
You have a pair of large antennae on your head. (SInv)
Your four strong arms can wield two-handed weapons with a shield.


Message History

Unknown command.
You barely miss the adder.
You feel sick. The adder bites you but does no damage.
You block the adder's attack.
You miss the adder.
You feel sick. The adder bites you. The adder closely misses you.
Unknown command.
You closely miss the adder.
You feel sick.
You are no longer poisoned.
The adder bites you.
You are poisoned.
The adder poisons you! The adder bites you.
You are more poisoned.
The adder poisons you!
You are too injured to fight recklessly!
Unknown command.
You are too injured to fight recklessly!
You are too injured to fight recklessly!
You are too injured to fight recklessly!
You completely miss the adder.
You feel very sick. The adder bites you.
You hit the adder but do no damage.
You feel very sick. You block the adder's attack. The adder bites you.
* * * LOW HITPOINT WARNING * * *
You are lethally poisoned!
The adder poisons you!
You closely miss the adder.
* * * LOW HITPOINT WARNING * * *
You feel very sick. The adder bites you but does no damage.
You block the adder's attack.
You closely miss the adder.
* * * LOW HITPOINT WARNING * * *
You feel very sick. The adder barely misses you.
The adder bites you but does no damage.
Unknown command.
It was a potion of flight.
You feel very buoyant.
You fly up into the air.
You die...

##.#....#.# #.#....#.#
##.#....#.# .......>#.#
#.......#.#
#.......#.####### #
#................ ...
#.....#.#.#########.....
#.....#.#.#.....@†......
......#.#.#.#####S.....#
##........)...# .......
...#...................#
...#..........###.#....#
##.#.......+ .#....+
#.#.......# .# ...# #
#.####### .# .... #.


You could see an adder.

Vanquished Creatures
  A hound (D:2)
  5 adders
  A gnoll (D:1)
  A worm (D:2)
  A dart slug (D:1)
  5 ball pythons
  3 bats
  6 endoplasms
  A giant cockroach (D:1)
  5 goblins
  5 hobgoblins (D:1)
  4 frilled lizards
  11 kobolds
  8 rats (D:1)
57 creatures vanquished.

Notes
Turn   | Place    | Note
-------+----------+-------------------------------------------
     0 | D:1      | Kinoniko the Formicid Fighter began the quest for the Orb.
     0 | D:1      | Reached XP level 1. HP: 18/18 MP: 1/1
   135 | D:1      | Reached XP level 2. HP: 15/24 MP: 2/2
   333 | D:1      | Reached skill level 3 in Axes
   634 | D:1      | Reached XP level 3. HP: 28/29 MP: 3/3
  1292 | D:2      | Reached skill level 4 in Axes
  1292 | D:2      | Reached XP level 4. HP: 35/35 MP: 4/4
  1895 | D:2      | Found a faded altar of an unknown god.
  1969 | D:2      | Reached XP level 5. HP: 41/41 MP: 5/5
  2260 | D:2      | Reached skill level 5 in Axes
  2840 | D:3      | HP: 1/41 [poisoned by an adder]
  2841 | D:3      | Succumbed to an adder's poison

Illustrated notes

Levels and vault maps discovered:
D:1:      onia_arrival_handbag, layout_loops_corners,
          minmay_misc_feat_nine_boxes
D:2:      layout_basic, chequers_ecumenical_altar_grove
D:3:      layout_basic, hellmonk_ghost_happy_afterlife, minmay_crystal_room

Skill      XL: |  1  2  3  4  5 |
---------------+----------------+-----
Axes           | 3 4 5 |  5.3
Fighting       | |  3.2
Armour         | |  3.2
Shields        | |  3.6

Action                   |  1- 3 |  4- 6 || total
-------------------------+-------+-------++-------
Melee: War axe           |    84 |    94 ||   178
  Use: Potion            |       |     1 ||     1
Armor: Scale mail        |    35 |    45 ||    80
       Chain mail        |       |    12 ||    12
Dodge: Dodged            |    24 |    33 ||    57
Block: Kite shield       |    43 |    47 ||    90

Table legend: (Time is in decaauts)
 A = Elapsed time spent in this place.
 B = Non-inter-level travel time spent in this place.
 C = Inter-level travel time spent in this place.
 D = Time resting spent in this place.
 E = Time spent auto-exploring this place.
 F = Levels seen in this place.
 G = Mean time per level.
                   A        B        C        D        E       F      G
               +--------+--------+--------+--------+--------+-----+--------+
         Total |   2925 |   2875 |     50 |    276 |   2103 |   3 |  975.0 |
       Dungeon |   2925 |   2875 |     50 |    276 |   2103 |   3 |  975.0 |
               +--------+--------+--------+--------+--------+-----+--------+

Top non-repeatable levels by time:
     D:1: 1307 daAuts
     D:2: 1240 daAuts
     D:3: 378 daAuts
